Map: Ice and Chrome LE

Players

Scarlett - Winner!

  • Race: Zerg Zerg
  • Spawn Location: 1:00

LiquidTLO (TLO)

  • Race: Zerg Zerg
  • League: Master
  • Spawn Location: 7:00

Event: DreamHack SC2 Masters 2020 Summer North America

VOD

Have the link to the VOD?

Description

Time

  • Played on: July 5, 2020, 2:48 p.m.
  • Length: 6:42

All games in this series

Show
View Real Time Build Order
Export as new Build Order

Scarlett Zerg - Winner!

Build Orders: Hatch First 

Get SALT Encoding   

  12  0:00  Drone  
  13  0:12  Overlord  
  13  0:17  Drone  
  14  0:31  Drone x2  
  16  0:47  Hatchery  
  15  0:51  Drone  
  15  0:54  Drone  
  17  0:58  Drone  
  18  1:08  Extractor  
  17  1:13  Spawning Pool  
  17  1:16  Drone  
  17  1:19  Drone  
  18  1:28  Drone  
  19  1:39  Drone  
  20  1:51  Drone  
  21  2:00  Zergling x2  
  21  2:01  Queen x2, Zergling x2  
  27  2:10  Metabolic Boost  
  27  2:11  Zergling x2  
  28  2:15  Overlord  
  27  2:28  Zergling x4  
  24  2:37  Drone x2  
  24  2:50  Drone x2  
  26  3:03  Overlord  
  26  3:04  Zergling x4  
  28  3:08  Zergling x2  
  28  3:12  Zergling x6  
  32  3:16  Overlord  
  32  3:23  Zergling x4  
  32  3:25  Zergling x2  
  35  3:31  Zergling x4  
  37  3:39  Zergling x2  
  37  3:40  Drone  
  37  3:41  Drone  
  40  3:45  Drone x3  
  42  3:53  Drone  
  42  3:54  Drone x2  
  40  4:03  Zergling x4  
  40  4:10  Zergling x2  
  40  4:11  Zergling x2  
  41  4:21  Drone  
  41  4:22  Drone  
  42  4:28  Drone x6  
  48  4:34  Overlord  
  47  4:51  Hatchery  
  47  4:52  Drone  
  47  4:53  Drone x3, Extractor  
  47  4:54  Extractor  
  47  4:55  Extractor  
  47  4:58  Evolution Chamber  
  47  4:59  Drone x3  
  49  5:01  Drone  
  49  5:02  Roach Warren  
  49  5:09  Drone  
  49  5:10  Drone x3  
  53  5:16  Queen  
  55  5:22  Overlord  
  55  5:23  Drone  
  56  5:29  Drone x3  
  56  5:35  Overlord  
  59  5:39  Lair  
  59  5:44  Roach x2  
  63  5:51  Roach x2  
  67  5:59  Roach x3  
  67  6:02  Roach  
  67  6:04  Overlord  
  75  6:05  Roach  
  75  6:09  Roach  
  79  6:16  Overlord  
  79  6:17  Overlord  
  79  6:19  Roach  
Show
View Real Time Build Order
Export as new Build Order

LiquidTLO Zerg 

Build Orders: Pool First 

Get SALT Encoding   

  12  0:17  Spawning Pool  
  11  0:21  Drone  
  11  0:26  Drone  
  13  0:31  Drone  
  14  0:42  Overlord  
  14  1:03  Zergling x2  
  14  1:04  Zergling x4  
  17  1:15  Zergling x2  
  17  1:18  Hatchery  
  17  1:26  Zergling x2  
  17  1:32  Queen  
  20  1:41  Overlord  
  20  1:49  Drone  
  21  2:00  Drone  
  22  2:08  Queen  
  24  2:15  Drone  
  25  2:21  Drone  
  25  2:32  Drone  
  26  2:38  Drone  
  26  2:41  Drone  
  26  2:42  Drone x2  
  26  2:43  Drone, Queen  
  31  2:46  Drone  
  31  2:51  Drone  
  31  2:55  Queen  
  33  3:00  Overlord  
  33  3:04  Extractor  
  32  3:06  Extractor  
  32  3:11  Zergling x2  
  32  3:12  Overlord  
  32  3:15  Drone  
  32  3:17  Drone  
  32  3:19  Drone  
  35  3:22  Drone  
  35  3:23  Drone  
  37  3:28  Drone  
  37  3:29  Drone  
  39  3:35  Drone  
  39  3:37  Evolution Chamber  
  39  3:41  Evolution Chamber  
  39  3:46  Evolution Chamber  
  37  3:53  Zergling x4  
  36  3:55  Zergling x2  
  36  3:58  Zergling x2  
  36  4:00  Zergling x2  
  36  4:01  Zergling x6  
  38  4:05  Zergling x2  
  38  4:08  Zergling x2  
  33  4:12  Zergling x2  
  30  4:21  Zergling x2  
  29  4:27  Drone  
  30  4:36  Metabolic Boost  
  30  4:38  Drone  
  31  4:49  Drone x3  
  31  4:52  Zergling x2  
  33  5:00  Drone  
  33  5:04  Queen  
  36  5:08  Drone  
  36  5:09  Drone  
  38  5:16  Queen  
  38  5:18  Drone  
  38  5:20  Drone  
  42  5:23  Drone  
  42  5:28  Baneling Nest  
  42  5:34  Evolution Chamber  
  41  5:40  Roach Warren  
  40  5:46  Evolution Chamber  
  40  5:49  Zergling x2  
  40  5:50  Zergling x6  
  40  5:51  Zergling x2  
  40  5:54  Zergling x2  
  45  6:01  Zergling x2  
  46  6:04  Zergling x2  
  45  6:11  Zergling x2  
  45  6:12  Zergling x6  
  50  6:18  Zergling x2  
  50  6:24  Zergling x2  
Tags
 
Add a new tag
Caveats
  • Supply blocks, unpowered buildings, or Contaminate may cause inaccurate times.
  • Supply counts are checked every 10 seconds.